 Dungeon Crawl Stone Soup version 0.18.1-6-gd335043 (webtiles) character file.

100321 jacquesderrida the Impaler (level 15, 0/127 HPs)
             Began as a Demonspawn Skald on May 19, 2016.
             Was an Elder of Ashenzari.
             Slain by a harpy (7 damage)
             ... on level 4 of the Shoals.
             The game lasted 01:33:30 (15086 turns).

jacquesderrida the Impaler (Demonspawn Skald)      Turns: 15086, Time: 01:33:31

Health: 0/127      AC: 21    Str: 12    XL:     15   Next: 80%
Magic:  6/18       EV: 21    Int: 14    God:    Ashenzari [****..]
Gold:   1304       SH:  0    Dex: 12    Spells: 3 memorised, 11 levels left

rFire  . . .     SeeInvis +     P - +0 glaive (venom) (curse)
rCold  + . .     Gourm    .     x - +0 troll leather armour
rNeg   + + .     Faith    .     (shield currently unavailable)
rPois  +         Spirit   .     (helmet unavailable)
rElec  +         Dismiss  .     (no cloak)
rCorr  .         Reflect  .     B - +2 pair of gloves "Heoc" {rElec rC+ MR+ Dex-2} (curse)
SustAt .         Harm     .     n - +0 pair of boots
MR     ++...     Clarity  +     o - amulet "Beulabef" {RegenMP rPois rN+ Slay+3 Stlth+} (curse)
Stlth  ++........               J - +2 ring of protection
                                l - +3 ring of evasion

@: about to teleport, regenerating, very resistant to hostile enchantments,
unstealthy
A: antennae 3, rough black scales 3, demonic guardian 1, dopey 1, negative
energy resistance 1, powered by death 2
a: Curse Item, Scrying, Renounce Religion


You were on level 4 of the Shoals.
You worshipped Ashenzari.
Ashenzari was greatly pleased with you.
You were not hungry.

You visited 6 branches of the dungeon, and saw 31 of its levels.

You collected 2239 gold pieces.
You spent 935 gold pieces at shops.

Inventory:

Hand Weapons
 c - a +4 scimitar of flaming
 f - a +0 bardiche
 h - a +2 trident of venom
 i - a +0 halberd of chopping
 D - a +0 blowgun
 P - a cursed +0 glaive of venom (weapon)
 Y - the +7 trident of Xeoh Cyff {drain, Fragile MP+9 SInv}
   (You found it on level 1 of the Shoals)

   A truly terrible weapon, it drains the life of those it strikes.
   It affects your magic capacity (+9).
   It lets you see invisible.
   It will be destroyed if unequipped.
Missiles
 y - 2 throwing nets (quivered)
 I - 15 javelins of returning
 X - 7 curare-tipped needles
Armour
 n - a +0 pair of boots (worn)
 x - a +0 troll leather armour (worn)
 B - the cursed +2 pair of gloves "Heoc" (worn) {rElec rC+ MR+ Dex-2}
   (You bought it in a shop on level 5 of the Dungeon)

   It affects your dexterity (-2).
   It protects you from cold.
   It insulates you from electricity.
   It affects your resistance to hostile enchantments.
   It has a curse placed upon it.
 S - a mottled dragon hide
Jewellery
 a - a +3 amulet of reflection
 l - a +3 ring of evasion (left hand)
 o - the cursed amulet "Beulabef" (around neck) {RegenMP rPois rN+ Slay+3 Stlth+}
   (You found it on level 4 of the Shoals)

   [amulet of magic regeneration]

   It increases your magic regeneration.
   It affects your accuracy and damage with ranged weapons and melee attacks
   (+3).
   It protects you from poison.
   It protects you from negative energy.
   It makes you more stealthy.
   It has a curse placed upon it.
 J - a +2 ring of protection (right hand)
 N - an uncursed ring of protection from magic
Wands
 q - a wand of iceblast (8/15)
 F - a wand of disintegration (10/24)
 G - a wand of disintegration (0/24)
 M - a wand of acid (0/15)
 V - a wand of teleportation (4/9)
 Z - a wand of paralysis (20/24)
Scrolls
 b - 2 scrolls of magic mapping
 e - 13 scrolls of identify
 g - 2 scrolls of silence
 j - 2 scrolls of immolation
 k - 6 scrolls of amnesia
 v - a scroll of enchant weapon
 A - a scroll of enchant armour
 H - 3 scrolls of recharging
 K - 3 scrolls of fog
 L - 5 scrolls of remove curse
Potions
 r - a potion of lignification
 s - a potion of cancellation
 u - a potion of flight
 w - 3 potions of agility
 z - 5 potions of curing
 C - a potion of resistance
 E - 2 potions of ambrosia
 O - a potion of haste
 R - 2 potions of invisibility
 W - 3 potions of cure mutation
Miscellaneous
 t - a stone of tremors
Comestibles
 d - 11 bread rations
 m - 15 meat rations
 p - 4 slices of pizza
 Q - a royal jelly


   Skills:
 + Level 14.7 Fighting
 + Level 15.3(19.3) Polearms
 + Level 5.4 Armour
 + Level 12.6 Dodging
 - Level 2.0 Spellcasting
 - Level 2.6 Hexes
 - Level 8.1 Charms
 - Level 4.0 Necromancy


You had 11 spell levels left.
You knew the following spells:

 Your Spells              Type           Power        Failure   Level  Hunger
a - Infusion              Chrm           ###.         1%          1    ##.....
b - Spectral Weapon       Hex/Chrm       ###.....     12%         3    ####...
r - Regeneration          Chrm/Necr      ###.......   10%         3    ####...


Dungeon Overview and Level Annotations

Branches:
Dungeon (15/15)            Temple (1/1) D:5            Lair (8/8) D:9
 Shoals (4/4) Lair:3        Snake (0/4) Lair:4        Slime (0/6) Lair:6
    Orc (2/2) D:9             Elf (1/3) Orc:2        Vaults (0/5) D:13
 Depths: D:15

Altars:
Ashenzari
Cheibriados
Elyvilon
Fedhas
Kikubaaqudgha
Makhleb
Nemelex Xobeh
Okawaru
Pakellas
Qazlal
Ru
Trog
Vehumet
Xom
The Shining One

Shops:
D:5 [   D:11 %   Orc:2 *=!%

Annotations:
D:8 Erolcha
Lair:6 exclusion: upstairs
Lair:7 FOODS
Shoals:3 Louise


Innate Abilities, Weirdness & Mutations

You have a pair of large antennae on your head (SInv).
You are completely covered in rough black scales (AC +10, Dex -3).
A weak demonic guardian rushes to your aid.
You resist negative energy.
You regenerate health from kills.
You are dopey. (Int -2)


Message History

Zapping:
V - a wand of teleportation (5/9)
Press: ? - help, Shift-Dir - straight line, f - you, p - harpy You feel strangely unstable.
This wand has 4 charges left.
The harpy completely misses you. The harpy claws you but does no damage.
The harpy claws you!
* * * LOW HITPOINT WARNING * * *
The harpy claws you but does no damage. The harpy completely misses you.
The harpy misses you.
The merfolk impaler hits you from afar with a trident!
* * * LOW HITPOINT WARNING * * *
The harpy closely misses you. The harpy completely misses you.
The merfolk impaler hits you from afar with a trident!
* * * LOW HITPOINT WARNING * * *
The harpy closely misses you. x2
Unknown command.
Unknown command.
The harpy misses you. The harpy barely misses you. x2
The harpy completely misses you. The harpy claws you but does no damage.
The harpy claws you!
You die...

## ≈ ≈≈ ≈ ≈, ≈≈ ≈≈
≈≈≈≈≈.. ≈≈≈≈≈≈ * .≈...≈
≈.≈≈≈≈. ,≈≈
≈≈≈≈≈≈≈≈≈≈.###.....≈
.≈≈≈≈.≈ , ≈ ≈≈≈
≈≈≈≈≈≈..#....≈≈≈≈≈≈≈≈≈≈≈≈
. ≈≈≈≈ ≈≈≈≈≈≈≈.....≈.≈≈≈
≈≈≈≈≈≈≈ .≈≈≈
≈≈≈≈≈≈≈≈.≈...≈≈≈≈≈≈
≈≈≈≈≈≈≈ .≈≈
≈≈≈≈≈≈≈≈≈≈...≈≈≈≈≈≈
≈≈≈≈≈≈≈ ≈
≈≈≈≈≈≈≈...HH.≈≈≈≈≈≈ ≈ ≈
≈≈ ≈≈≈≈≈....H@.^≈≈≈≈≈ ≈≈
≈ ≈≈ ≈
≈≈≈≈≈≈..##H#..≈≈≈≈≈ ≈ ≈ ≈
≈ ≈≈≈≈≈..*##.5.≈≈≈≈≈ ≈ ≈
≈ ≈≈≈≈≈≈..###mm≈≈≈≈≈≈≈≈ ≈
≈ ≈≈≈≈≈≈≈..%.{.≈≈≈≈≈≈≈≈≈
≈ ≈ * ≈≈≈≈≈≈.≈...≈≈≈≈≈≈≈
≈ ≈ ≈ * ,
≈≈≈≈≈≈≈≈≈..≈≈≈≈≈≈≈ ≈≈ ≈≈
,,,, .≈≈≈≈≈≈≈≈≈≈≈≈≈≈≈≈≈
≈≈ , , ..≈≈≈≈≈≈≈≈≈≈≈≈≈≈§≈
≈


You could see a siren, 4 harpies and a friendly ufetubus.

Vanquished Creatures
  Kirke (Lair:4)
  Ilsuiw (Shoals:4)
  Maud (Lair:5)
  Nessos (D:13)
  2 merfolk impalers
  A merfolk javelineer (Shoals:4)
  A hydra (Lair:5)
  Harold (D:12)
  A merfolk avatar (Shoals:4)
  A centaur warrior (D:14)
  4 orc high priests (Orc:2)
  7 death yaks (Lair:7)
  Urug (D:14)
  Nergalle (Lair:3)
  Sonja (Lair:3)
  6 sea snakes
  4 unseen horrors
  13 harpies
  7 hill giants
  4 orc knights (Orc:2)
  A necromancer (Lair:5)
  8 ugly things
  2 orc sorcerers
  5 cyclopes
  4 fauns (Shoals:2)
  4 manticores
  5 centaur zombies
  A deep elf mage (D:12)
  6 elephants
  2 sirens
  4 black mambas
  2 water nymphs (Shoals:1)
  A gargoyle (D:14)
  6 spiny frogs
  A kobold demonologist (D:14)
  A rime drake (Lair:8)
  6 komodo dragons
  9 merfolk
  5 trolls
  A harpy skeleton (D:14)
  18 blink frogs
  3 polar bears (Lair:8)
  2 two-headed ogres
  2 snapping turtles
  A wind drake (Shoals:4)
  10 redbacks
  A shadow (D:14)
  8 spriggans (Lair:8)
  3 wyverns
  2 water elementals
  A wraith (D:12)
  4 hogs (Lair:5)
  59 yaks
  5 humans (Lair:7)
  A hungry ghost (D:11)
  5 basilisks
  9 hippogriffs
  6 vampire mosquitoes
  A naga (Lair:4)
  2 mottled dragons
  2 wargs (Orc:2)
  2 soldier ants
  Duvessa (D:6)
  13 water moccasins
  6 porcupines
  31 orc warriors
  3 sky beasts
  11 black bears
  3 phantoms
  An elephant zombie (Lair:5)
  5 ice beasts
  11 ogres
  3 wasps
  3 necrophages
  10 centaurs
  30 wolves
  10 crocodiles
  A big kobold (D:12)
  16 giant frogs
  Dowan (D:6)
  7 scorpions
  A wyvern skeleton (D:10)
  13 wights
  3 howler monkeys (D:11)
  4 electric eels (Lair:5)
  3 crimson imps
  3 giant frog zombies
  2 quasits
  A jelly (D:6)
  A basilisk zombie (Lair:5)
  4 centaur skeletons
  31 orc priests
  4 hounds
  6 iguanas
  12 worker ants
  11 orc wizards
  2 hell rats (Lair:2)
  33 sheep
  3 hound zombies
  A hound skeleton (D:7)
  A mummy (D:10)
  9 adders
  62 river rats
  4 shadow imps
  3 oozes
  An adder skeleton (D:7)
  4 worms
  2 dart slugs
  6 giant geckos
  72 orcs
  2 giant cockroaches
  4 goblins
  4 hobgoblins
  11 jackals
  10 kobolds
  3 quokkas
  10 bats
  A giant gecko skeleton (D:8)
  6 giant newts
  A jackal skeleton (D:5)
  5 rats
  A fungus (Lair:6)
806 creatures vanquished.

Vanquished Creatures (collateral kills)
  Erica (D:9)
  A satyr (Shoals:2)
  An orc high priest (Orc:2)
  A black mamba (Lair:3)
  A centaur skeleton (D:12)
  2 blink frogs (Lair:1)
  A redback (D:14)
  2 wyverns
  A spriggan (Lair:8)
  2 yaks
  A human (Lair:7)
  A water moccasin (Lair:5)
  A wolf (Lair:3)
  A giant frog (D:14)
  A water moccasin zombie (D:10)
  A jelly (Lair:6)
  A basilisk zombie (Lair:5)
  An iguana (Lair:6)
  A river rat (Lair:1)
  3 oozes (Lair:6)
  An orc (D:12)
26 creatures vanquished.

Vanquished Creatures (others)
  A merfolk aquamancer (Shoals:2)
  A yak (Lair:7)
  3 humans
  A sheep (Lair:7)
  A kobold (D:12)
  23 fungi
  22 plants
  57 spectral weapons
109 creatures vanquished.

Grand Total: 941 creatures vanquished

Notes
Turn   | Place    | Note
--------------------------------------------------------------
     0 | D:1      | jacquesderrida the Demonspawn Skald began the quest for the Orb.
     0 | D:1      | Reached XP level 1. HP: 16/16 MP: 3/3
    97 | D:1      | Reached skill level 2 in Polearms
    97 | D:1      | Reached skill level 1 in Dodging
   183 | D:1      | Reached skill level 1 in Armour
   211 | D:1      | Gained mutation: You regenerate a little health from kills. [demonic ancestry]
   211 | D:1      | Reached XP level 2. HP: 22/22 MP: 5/5
   330 | D:2      | Found a snail-covered altar of Cheibriados.
   592 | D:2      | Reached XP level 3. HP: 13/27 MP: 6/6
   597 | D:2      | Learned a level 3 spell: Spectral Weapon
   624 | D:2      | Reached skill level 3 in Polearms
   633 | D:2      | Reached skill level 1 in Hexes
  1015 | D:3      | Reached XP level 4. HP: 31/33 MP: 7/7
  1387 | D:4      | Noticed a phantom
  1450 | D:4      | Killed a phantom
  1450 | D:4      | Reached skill level 4 in Polearms
  1450 | D:4      | Reached XP level 5. HP: 18/38 MP: 0/8
  1549 | D:4      | Found a glowing golden altar of the Shining One.
  1641 | D:4      | Learned a level 3 spell: Regeneration
  1764 | D:5      | Entered Level 5 of the Dungeon
  1771 | D:5      | Gained mutation: You have a pair of small antennae on your head. [demonic ancestry]
  1771 | D:5      | Reached XP level 6. HP: 40/44 MP: 5/9
  1777 | D:5      | Reached skill level 5 in Polearms
  1829 | D:5      | Found Uqyff's Armour Shoppe.
  1904 | D:5      | Gained mutation: You have a pair of antennae on your head. [demonic ancestry]
  1904 | D:5      | Reached XP level 7. HP: 35/50 MP: 8/10
  1976 | D:5      | Reached skill level 6 in Polearms
  2018 | D:5      | Found a staircase to the Ecumenical Temple.
  2057 | Temple   | Entered the Ecumenical Temple
  2071 | Temple   | Became a worshipper of Ashenzari the Shackled
  2390 | D:5      | Reached skill level 7 in Polearms
  2405 | D:5      | Gained mutation: You are partially covered in rough black scales (AC +4, Dex -1). [demonic ancestry]
  2405 | D:5      | Reached XP level 8. HP: 37/56 MP: 7/11
  2444 | D:6      | Reached skill level 5 in Charms
  2519 | D:6      | Found a white marble altar of Elyvilon.
  2591 | D:6      | Reached skill level 8 in Polearms
  2706 | D:8      | Noticed Erolcha
  2716 | D:7      | Noticed Duvessa
  2716 | D:7      | Noticed Dowan
  2845 | D:7      | Found an iron altar of Okawaru.
  2898 | D:7      | Found a blossoming altar of Fedhas.
  2902 | D:7      | Found a stormy altar of Qazlal.
  2962 | D:7      | Gained mutation: You have a pair of large antennae on your head (SInv). [demonic ancestry]
  2962 | D:7      | Reached XP level 9. HP: 46/64 MP: 9/12
  3119 | D:7      | Got the uncursed plate armour of Gluttony {Dex+4}
  3146 | D:8      | Reached * piety under Ashenzari
  3202 | D:9      | Noticed a troll
  3441 | D:9      | Reached skill level 9 in Polearms
  3577 | D:9      | Killed a troll
  3577 | D:9      | Reached skill level 5 in Fighting
  3686 | D:6      | Killed Duvessa
  3692 | D:6      | Killed Dowan
  3705 | D:5      | Bought the +2 pair of gloves "Heoc" {rElec rC+ MR+ Dex-2} for 479 gold pieces
  3849 | D:9      | Noticed Erica
  3958 | D:9      | Found a staircase to the Lair.
  3969 | Lair:1   | Entered Level 1 of the Lair of Beasts
  4087 | Lair:1   | Gained mutation: A weak demonic guardian rushes to your aid. [demonic ancestry]
  4087 | Lair:1   | Reached XP level 10. HP: 56/76 MP: 4/13
  4340 | Lair:1   | Noticed a spiny frog
  4529 | D:10     | Entered Level 10 of the Dungeon
  4809 | D:10     | Reached skill level 10 in Polearms
  4935 | D:11     | Noticed a hill giant
  4981 | D:10     | Noticed a hill giant
  5007 | D:10     | Killed a hill giant
  5103 | D:11     | Noticed an unseen horror
  5120 | D:11     | Killed an unseen horror
  5183 | D:11     | Noticed an unseen horror
  5202 | D:11     | Killed an unseen horror
  5202 | D:11     | Reached skill level 5 in Dodging
  5202 | D:11     | Reached XP level 11. HP: 85/85 MP: 10/14
  5268 | D:11     | Found Vebbas's Food Emporium.
  5403 | D:11     | Noticed a purple ugly thing
  5550 | D:12     | Noticed Harold
  5560 | D:12     | Noticed a deep elf mage
  5565 | D:12     | Noticed a hill giant
  5597 | D:11     | Reached ** piety under Ashenzari
  5738 | D:11     | Noticed an unseen horror
  5762 | D:11     | Killed an unseen horror
  5796 | D:11     | Identified the +8 plate armour of Gluttony {Dex+4} (You found it on level 7 of the Dungeon)
  5799 | D:11     | Noticed a hill giant
  5806 | D:11     | Killed a hill giant
  5834 | D:11     | Killed a hill giant
  5834 | D:11     | Reached skill level 11 in Polearms
  6499 | Lair:3   | Noticed a seven-headed hydra
  6801 | Lair:4   | Gained mutation: You are mostly covered in rough black scales (AC +7, Dex -2). [demonic ancestry]
  6801 | Lair:4   | Reached XP level 12. HP: 91/96 MP: 12/15
  6834 | Lair:4   | Found a staircase to the Snake Pit.
  7094 | Lair:5   | Reached skill level 10 in Fighting
  7162 | Lair:5   | Noticed Maud
  7269 | Lair:6   | Noticed a five-headed hydra
  7324 | Lair:5   | Reached skill level 12 in Polearms
  7374 | Lair:5   | Noticed Kirke
  7497 | Lair:5   | Noticed a sphinx
  7505 | Lair:4   | Killed Kirke
  7591 | Lair:6   | Found a staircase to the Slime Pits.
  7884 | Lair:7   | Noticed a death yak
  7885 | Lair:7   | Noticed a death yak
  7885 | Lair:7   | Noticed a death yak
  7889 | Lair:7   | Noticed a death yak
  7892 | Lair:7   | Noticed a death yak
  7962 | Lair:7   | Killed a death yak
  7967 | Lair:7   | Killed a death yak
  8011 | Lair:7   | Killed a death yak
  8011 | Lair:7   | Gained mutation: You are completely covered in rough black scales (AC +10, Dex -3). [demonic ancestry]
  8011 | Lair:7   | Reached XP level 13. HP: 101/106 MP: 4/16
  8252 | Lair:7   | Reached skill level 13 in Polearms
  8409 | Lair:8   | Entered Level 8 of the Lair of Beasts
  8437 | Lair:8   | Reached *** piety under Ashenzari
  8509 | Lair:8   | Reached skill level 10 in Dodging
  9446 | Lair:5   | Gained mutation: You resist negative energy. [demonic ancestry]
  9446 | Lair:5   | Reached XP level 14. HP: 90/116 MP: 13/17
  9572 | Lair:3   | Noticed Nergalle
  9584 | Lair:3   | Killed Nergalle
  9751 | D:9      | Killed Erica
  9976 | D:9      | Found a staircase to the Orcish Mines.
  9987 | Orc:1    | Entered Level 1 of the Orcish Mines
  9992 | Orc:1    | Gained mutation: You are dopey. (Int -2) [a neqoxec]
 10138 | Orc:2    | Entered Level 2 of the Orcish Mines
 10410 | Orc:2    | Found a staircase to the Elven Halls.
 10493 | Orc:2    | Reached skill level 14 in Polearms
 10968 | Orc:2    | Found Ojeupn's Jewellery Shop.
 10968 | Orc:2    | Found Witwal's General Store.
 10969 | Orc:2    | Found Puosut's Food Shop.
 10969 | Orc:2    | Found Cueckut's Distillery.
 10980 | Orc:2    | Bought a scroll of remove curse for 48 gold pieces
 10981 | Orc:2    | Bought a potion of curing for 36 gold pieces
 10981 | Orc:2    | Bought a potion of agility for 48 gold pieces
 10981 | Orc:2    | Bought a potion of resistance for 120 gold pieces
 10981 | Orc:2    | Bought a potion of might for 48 gold pieces
 10981 | Orc:2    | Bought a potion of haste for 120 gold pieces
 10981 | Orc:2    | Bought a potion of curing for 36 gold pieces
 11031 | Orc:2    | Found a radiant altar of Vehumet.
 11075 | Elf:1    | Entered Level 1 of the Elven Halls
 11916 | D:12     | Reached **** piety under Ashenzari
 11956 | D:12     | Killed Harold
 12052 | D:13     | Noticed Nessos
 12060 | D:13     | Killed Nessos
 12110 | D:13     | Found a gate to the Vaults.
 12194 | D:14     | Reached skill level 1 in Necromancy
 12707 | D:14     | Noticed Urug
 12720 | D:14     | Killed Urug
 12728 | D:15     | Entered Level 15 of the Dungeon
 12791 | D:15     | Gained mutation: You regenerate health from kills. [demonic ancestry]
 12791 | D:15     | Reached XP level 15. HP: 96/126 MP: 13/18
 13420 | Lair:3   | Noticed Sonja
 13426 | Lair:3   | Killed Sonja
 13686 | Lair:5   | Killed Maud
 13845 | Lair:3   | Found a staircase to the Shoals.
 13853 | Shoals:1 | Entered Level 1 of the Shoals
 13962 | Shoals:1 | Identified the +7 trident of Xeoh Cyff {drain, Fragile MP+9 SInv}
 14254 | Shoals:2 | Reached skill level 15 in Polearms
 14306 | Shoals:2 | HP: 5/126 [satyr/arrow (12)]
 14553 | Shoals:3 | Noticed Louise
 14807 | Shoals:4 | Entered Level 4 of the Shoals
 14857 | Shoals:4 | Noticed Ilsuiw
 14863 | Shoals:4 | Identified the amulet "Beulabef" {RegenMP rPois rN+ Slay+3 Stlth+}
 14916 | Shoals:4 | Reached skill level 5 in Armour
 14980 | Shoals:4 | Killed Ilsuiw
 15001 | Shoals:4 | HP: 5/127 [merfolk/steel tomahawk (15)]
 15085 | Shoals:4 | HP: 5/127 [merfolk impaler/trident (15)]
 15086 | Shoals:4 | Slain by a harpy

Skill      XL: |  1  2  3  4  5  6  7  8  9 10 11 12 13 14 15 |
---------------+----------------------------------------------+-----
Polearms       | 2 3 4 5 7 8 9 10 11 12 13 14 15 | 15.3
Dodging        | 1 2 5 7 9 10 11 12 | 12.6
Armour         | 1 2 5 |  5.4
Hexes          | 1 2 |  2.6
Charms         | 3 4 6 7 8 |  8.1
Fighting       | 3 5 7 9 11 12 14 | 14.7
Necromancy     | 3 4 |  4.0
Spellcasting   | |  2.0

Action                   |  1- 3 |  4- 6 |  7- 9 | 10-12 | 13-15 || total
-------------------------+-------+-------+-------+-------+-------++-------
Melee: Spear             |   153 |    69 |       |       |       ||   222
       Trident           |       |    94 |   373 |   101 |   285 ||   853
       Halberd           |       |       |       |   686 |   745 ||  1431
       Glaive            |       |       |       |       |   745 ||   745
 Cast: Infusion          |     5 |     2 |       |       |       ||     7
       Spectral Weapon   |       |     5 |    43 |    91 |   130 ||   269
       Regeneration      |       |       |     8 |    15 |    41 ||    64
Invok: Curse Item        |       |       |     2 |     1 |     2 ||     5
       Scrying           |       |       |       |     2 |     7 ||     9
Evoke: Wand              |       |       |       |    10 |    19 ||    29
       Stone of tremors  |       |       |       |       |     2 ||     2
  Use: Potion            |     1 |     1 |     2 |     3 |     7 ||    14
       Scroll            |       |     1 |    17 |    16 |     7 ||    41
 Stab: Sleeping          |     1 |       |       |       |     1 ||     2
       Distracted        |       |     1 |     3 |     3 |    19 ||    26
  Eat: Chunk             |     1 |     4 |    11 |    24 |    45 ||    85
       Fruit             |       |       |     2 |     3 |     3 ||     8
       Beef jerky        |       |       |     1 |     2 |     2 ||     5
       Pizza             |       |       |       |     1 |       ||     1
       Royal jelly       |       |       |       |       |     1 ||     1
Armor: Leather armour    |    32 |    47 |   117 |    25 |       ||   221
       Skin              |     1 |       |       |       |       ||     1
       Troll leather arm |       |       |       |   138 |   456 ||   594
Dodge: Dodged            |    53 |    89 |   187 |   510 |  1374 ||  2213
Block: Other             |       |       |       |    29 |   186 ||   215
       Reflection        |       |       |       |       |     7 ||     7
